 Dungeon Crawl Stone Soup version 0.20.1-1-g8b1a95d (webtiles) character file.

32 mortelune the Digger (level 3, 0/19 HPs)
             Began as a Gargoyle Earth Elementalist on Nov 4, 2017.
             Killed from afar by Sigmund (6 damage)
             ... with a puff of flame
             ... on level 2 of the Dungeon.
             The game lasted 00:08:59 (2218 turns).

mortelune the Digger (Gargoyle Earth Elementalist)  Turns: 2218, Time: 00:09:00

Health: 0/19       AC:  5    Str: 13    XL:     3   Next: 27%
Magic:  4/6        EV: 12    Int: 16    God:
Gold:   42         SH:  0    Dex: 10    Spells: 5/6 levels left

rFire    . . .     SeeInvis .   i - +0 club
rCold    . . .     Gourm    .   (no shield)
rNeg     + . .     Faith    .   c - +0 robe
rPois    ∞         Spirit   .   (no helmet)
rElec    +         Reflect  .   f - scarf {repulsion}
rCorr    .         Harm     .   (no gloves)
MR       .....                  (no boots)
Stlth    +.........             k - amulet of rage
Regen    0.1/turn               n - +2 ring of strength
MPRegen  0.1/turn               j - ring of loudness (curse)

@: repel missiles
A: negative energy resistance 1, electricity resistance, unbreathing,
petrification resistance, rot immunity, AC +3
a: Evoke Berserk Rage


You were on level 2 of the Dungeon.
You were not hungry.

You visited 1 branch of the dungeon, and saw 2 of its levels.

You collected 42 gold pieces.

Inventory:

Hand Weapons
 i - a +0 club (weapon)
Missiles
 b - 49 stones (quivered)
Armour
 c - a +0 robe (worn)
 f - a scarf of repulsion (worn)
Jewellery
 j - a cursed ring of loudness (right hand)
 k - an amulet of rage (around neck)
 n - a +2 ring of strength (left hand)
Potions
 a - 4 potions of curing {unknown}
 g - a potion of might {unknown}
 h - a potion of lignification {unknown}
 m - 2 potions of haste {unknown}
Books
 e - a book of Geomancy

   Spells                             Type                      Level
   a - Sandblast                      Earth                        1
   b - Passwall                       Transmutation/Earth          2
   c - Stone Arrow                    Conjuration/Earth            3
   d - Petrify                        Transmutation/Earth          4
   e - Lee's Rapid Deconstruction     Earth                        5
Comestibles
 d - 3 bread rations
 o - 2 meat rations


   Skills:
 - Level 1.0 Maces & Flails
 - Level 1.9 Dodging
 - Level 2.3 Stealth
 + Level 2.4 Spellcasting
   Level 0.7 Transmutations
 + Level 4.1 Earth Magic


You had 5 spell levels left.
You knew the following spells:

 Your Spells              Type           Power        Failure   Level  Hunger
a - Sandblast             Erth           ###...       3%          1    #......


Dungeon Overview and Level Annotations

Branches:
Dungeon (2/15)

Altars:

Annotations:
D:1 exclusion: 2 downstairs
D:2 Sigmund


Innate Abilities, Weirdness & Mutations

You are resistant to torment.
Your stone body is resilient. (AC +3)
You are immune to poison.
You resist negative energy. (rN+)
You are resistant to electric shocks. (rElec)
You can survive without breathing.
You are immune to petrification.
You are immune to rotting.


Message History

The slug dart misses you.
Casting: Sandblast
Confirm with . or Enter, or press ? or * to list all spells.
Aiming: Sandblast
Press: ? - help, Shift-Dir - straight line, f - Sigmund
Aim: Sigmund, wielding a scythe and wearing a robe The blast of sand hits Sigmund.
Sigmund is lightly wounded.
b - 50 stones
Casting: Sandblast
Confirm with . or Enter, or press ? or * to list all spells.
Aiming: Sandblast
Press: ? - help, Shift-Dir - straight line, f/p - Sigmund
Aim: Sigmund, wielding a scythe and wearing a robe (lightly wounded)
The blast of sand hits Sigmund.
Sigmund is lightly wounded.
b - 49 stones Sigmund gestures at you while chanting.
The puff of flame hits you!
You die...

******** ,,,,,,,* ******,* *,* **
**,****** ,* *,,,,,,,*
,****,,,,,,,* ##
,,,,,,,,,...####################.
,,,,,,,,,......?@.@w.............
*,,,,*,**####...###..........###.
,,,,,,,,,..,+....................
******,#,#.*#...##.......)...###.
,,,* #,#.#.*####*#...........# #.
**,*##.#.#.#######...........# #.
**,*.............#.####......# ##
**,*,#...#...........##########*#
,,,,,,,#...#...................,.


You could see Sigmund and a dart slug.

Vanquished Creatures
  2 worms
  A dart slug (D:1)
  A leopard gecko (D:2)
  A ball python (D:1)
  2 goblins (D:1)
  3 hobgoblins
  4 bats
  6 frilled lizards
  3 kobolds
  5 rats
28 creatures vanquished.

Notes
Turn   | Place    | Note
-------+----------+-------------------------------------------
     0 | D:1      | mortelune the Gargoyle Earth Elementalist began the quest for the Orb.
     0 | D:1      | Reached XP level 1. HP: 10/10 MP: 3/3
   125 | D:1      | Reached XP level 2. HP: 8/15 MP: 1/5
  1003 | D:2      | Reached skill level 4 in Earth Magic
  1037 | D:2      | Reached XP level 3. HP: 13/19 MP: 6/6
  1685 | D:2      | Reached skill level 1 in Maces & Flails
  1846 | D:2      | Noticed Sigmund
  2218 | D:2      | Killed from afar by Sigmund

Skill      XL: |  1  2  3 |
---------------+----------+-----
Earth Magic    | 4 |  4.1
Maces & Flails | 1 |  1.0
Dodging        | |  1.9
Stealth        | |  2.3
Spellcasting   | |  2.4
Transmutations | |  0.7

Action                   || total
-------------------------++-------
Melee: Club              ||    85
 Cast: Sandblast         ||    20
  Use: Scroll            ||     3
  Eat: Chunk             ||     2
       Royal jelly       ||     1
Armor: Robe              ||    52
Dodge: Dodged            ||    97
       Deflected         ||     1
